 Dungeon Crawl Stone Soup version 0.21.0-25-ge575cb9 (webtiles) character file.

2665 Gorglomux the Fighter (level 9, -12/102 HPs)
             Began as an Ogre Berserker on Jan 24, 2018.
             Was an Elder of Trog.
             Mangled by Prince Ribbit (19 damage)
             ... on level 7 of the Dungeon.
             The game lasted 00:20:15 (6198 turns).

Gorglomux the Fighter (Ogre Berserker)              Turns: 6198, Time: 00:20:17

Health: -12/102    AC:  4    Str: 25    XL:     9   Next: 63%
Magic:  9/9        EV: 18    Int:  8    God:    Trog [****..]
Gold:   217        SH:  0    Dex: 11    Spells: 8/8 levels left

rFire    . . .     SeeInvis .   u - +0 war axe
rCold    . . .     Gourm    .   (no shield)
rNeg     . . .     Faith    .   b - +1 animal skin
rPois    .         Spirit   .   (helmet restricted)
rElec    .         Reflect  .   (no cloak)
rCorr    .         Harm     .   (gloves unavailable)
MR       .....                  (boots unavailable)
Stlth    ++........             r - amulet of regeneration
HPRegen  0.67/turn              (no ring)
MPRegen  0.11/turn              V - -3 ring of dexterity (curse)

@: agile, lethally poisoned (-12 -> -13), berserk cooldown, slowed, very slow
A: large, unfitting armour, tough skin 1
a: Berserk, Trog's Hand, Brothers in Arms, Burn Spellbooks, Renounce Religion


You were on level 7 of the Dungeon.
You worshipped Trog.
Trog was greatly pleased with you.
You were not hungry.

You visited 1 branch of the dungeon, and saw 7 of its levels.

You collected 217 gold pieces.

Inventory:

Hand Weapons
 u - a +0 war axe (weapon)
Missiles
 h - 16 tomahawks (quivered)
Armour
 b - a +1 animal skin (worn)
Jewellery
 r - an amulet of regeneration (around neck)
 V - a cursed -3 ring of dexterity (right hand)
Scrolls
 o - 2 scrolls of remove curse
 v - a scroll of immolation
 B - 3 scrolls of blinking
 M - 2 scrolls of magic mapping
 T - 3 scrolls of teleportation
 U - 2 scrolls of fog {unknown}
 Y - a scroll of amnesia {unknown}
Potions
 m - a potion of heal wounds {unknown}
 q - a potion of flight {unknown}
 t - a potion of resistance {unknown}
 x - 3 potions of agility
 Q - 2 potions of curing
Books
 k - a book of Minor Magic

   Spells                             Type                      Level
   a - Magic Dart                     Conjuration                  1
   b - Blink                          Translocation                2
   c - Call Imp                       Summoning                    2
   d - Slow                           Hexes                        2
   e - Conjure Flame                  Conjuration/Fire             3
   f - Mephitic Cloud                 Conjuration/Poison/Air       3
   Trog disapproves of the use of such an item.
Comestibles
 c - 5 rations


   Skills:
 + Level 10.4 Fighting
 + Level 7.9 Axes
 + Level 7.3 Dodging
 - Level 1.0 Unarmed Combat


You had 8 spell levels left.
You didn't know any spells.

Dungeon Overview and Level Annotations

Branches:
Dungeon (7/15)             Temple (0/1) D:6

Altars:
Dithmenos
Elyvilon
Gozag
Hepliaklqana
Kikubaaqudgha
Makhleb
Nemelex Xobeh
Sif Muna
Uskayaw
Yredelemnul
Zin
The Shining One

Annotations:
D:5 2 transporters
D:7 Prince Ribbit


Innate Abilities, Weirdness & Mutations

You are too large for most types of armour.
You have tough skin. (AC +1)


Message History

You barely miss Prince Ribbit!
Prince Ribbit is heavily wounded!
You feel sick!
Prince Ribbit hits you!!! * * * butt't die
* * * You closely miss Prince Ribbit!
Prince Ribbit is heavily wounded!
You feel sick!
Prince Ribbit hits you but does no damage!
You feel a strong urge to attack something!
You feel sick!
You feel sick!
Prince Ribbit blinks!!!
You feel your anger nearly subside!
You butt no longer berserk!
You are exhausted!
You feel yourself slow down!
Okay, then!
You aren't carrying any items that butt can evoke!
It was a potion of agility!
Butt feel agile all of a sudden!
You feel sick!
Prince Ribbit hits butt!!!!!! rip

#.#####.# #.......#
#######.## ## #...# .# ###
#...# #.### ...### #...#
.... .....######...#####
..#
##.#.##..........§##).#.#..
...............F@..†)......
...#.##...........##)#.....
..##.######...##### .# #..
#.##.# #...# .. .....#
#...# ##. #.#### #...# .#
#.# ##.## . #.# .. ..#


You could see Prince Ribbit.

Vanquished Creatures
  Sigmund (D:2)
  The ghost of Akransas the Spear-Bearer, an amateur MfGl of Gozag (D:4)
  2 steam dragons (D:6)
  Menkaure (D:6)
  Edmund (D:4)
  An orc warrior (D:6)
  An ice beast (D:6)
  3 phantoms
  An ogre (D:4)
  A big kobold (D:7)
  A bullfrog (D:4)
  5 killer bees (D:7)
  A jelly (D:5)
  3 crimson imps
  A bullfrog zombie (D:5)
  6 orc priests
  Terence (D:2)
  A bullfrog skeleton (D:5)
  An iguana (D:5)
  11 orc wizards
  2 worker ants (D:4)
  A hound skeleton (D:4)
  A hound zombie (D:5)
  Robin (D:2)
  A worker ant zombie (D:5)
  8 adders
  A white imp (D:6)
  A worm (D:4)
  4 leopard geckos
  26 orcs
  7 bats
  2 giant cockroaches
  15 goblins
  9 hobgoblins
  4 jackals (D:5)
  8 kobolds
  A quokka (D:3)
  2 ball pythons
  5 frilled lizards
  A quokka skeleton (D:4)
  4 rats
148 creatures vanquished.

Notes
Turn   | Place    | Note
-------+----------+-------------------------------------------
     0 | D:1      | Gorglomux the Ogre Berserker began the quest for the Orb.
     0 | D:1      | Reached XP level 1. HP: 24/24 MP: 1/1
   483 | D:1      | Reached XP level 2. HP: 32/32 MP: 2/2
   819 | D:2      | Noticed Sigmund
   893 | D:2      | Reached skill level 3 in Dodging
   893 | D:2      | Reached skill level 1 in Unarmed Combat
  1004 | D:2      | You fall through a shaft for 2 floors!
  1004 | D:4      | Noticed a bullfrog
  1012 | D:4      | Killed a bullfrog
  1012 | D:4      | Reached skill level 5 in Fighting
  1012 | D:4      | Reached XP level 3. HP: 42/42 MP: 3/3
  1012 | D:4      | Reached XP level 4. HP: 50/50 MP: 4/4
  1063 | D:4      | Reached ** piety under Trog
  1063 | D:4      | Reached XP level 5. HP: 43/57 MP: 5/5
  1067 | D:4      | Noticed an ogre
  1808 | D:2      | Noticed Robin
  1815 | D:2      | Killed Robin
  1881 | D:2      | Noticed Terence
  1892 | D:2      | Killed Terence
  2014 | D:2      | Found a faded altar of an unknown god.
  2048 | D:2      | Killed Sigmund
  2048 | D:2      | Reached skill level 6 in Fighting
  2048 | D:2      | Reached XP level 6. HP: 68/68 MP: 6/6
  2136 | D:2      | Found a sparkling altar of Nemelex Xobeh.
  2136 | D:2      | Found an opulent altar of Gozag.
  2136 | D:2      | Found a burning altar of Makhleb.
  2137 | D:2      | Found an ancient bone altar of Kikubaaqudgha.
  2591 | D:3      | Reached *** piety under Trog
  2591 | D:3      | Reached XP level 7. HP: 76/76 MP: 7/7
  2639 | D:3      | Found a hazy altar of Hepliaklqana.
  2646 | D:3      | Found a shadowy altar of Dithmenos.
  2653 | D:3      | Found a glowing golden altar of the Shining One.
  2663 | D:3      | Found a deep blue altar of Sif Muna.
  2670 | D:3      | Found a glowing silver altar of Zin.
  2675 | D:3      | Found a hide-covered altar of Uskayaw.
  2686 | D:3      | Found a white marble altar of Elyvilon.
  3497 | D:4      | Reached skill level 7 in Fighting
  3593 | D:4      | Noticed Akransas's ghost (amateur MfGl)
  3735 | D:4      | Killed Akransas's ghost
  3766 | D:4      | Noticed Edmund
  3777 | D:4      | Killed Edmund
  3910 | D:4      | Reached XP level 8. HP: 88/88 MP: 8/8
  3964 | D:4      | Reached skill level 8 in Fighting
  4086 | D:4      | Reached skill level 6 in Axes
  4383 | D:5      | Entered Level 5 of the Dungeon
  4544 | D:5      | Reached skill level 6 in Dodging
  4611 | D:5      | Reached **** piety under Trog
  4648 | D:5      | Reached skill level 9 in Fighting
  4655 | D:5      | Found a transporter.
  4720 | D:5      | Found a transporter.
  4994 | D:6      | Noticed Menkaure
  4997 | D:6      | Killed Menkaure
  5094 | D:6      | Reached XP level 9. HP: 98/98 MP: 9/9
  5358 | D:6      | Found a staircase to the Ecumenical Temple.
  5451 | D:6      | Found a basalt altar of Yredelemnul.
  5540 | D:6      | Reached skill level 10 in Fighting
  6047 | D:7      | Noticed Prince Ribbit
  6198 | D:7      | Mangled by Prince Ribbit

Skill      XL: |  1  2  3  4  5  6  7  8  9 |
---------------+----------------------------+-----
Dodging        | 3 4 5 6 7 |  7.3
Unarmed Combat | 1 |  1.0
Fighting       | 5 6 7 9 10 | 10.4
Axes           | 4 5 6 7 |  7.9

Action                   |  1- 3 |  4- 6 |  7- 9 || total
-------------------------+-------+-------+-------++-------
Melee: Hand axe          |    43 |   136 |       ||   179
       War axe           |       |     6 |   320 ||   326
       Punch             |       |       |     1 ||     1
Invok: Berserk           |     1 |     8 |    11 ||    20
       Trog's Hand       |       |     1 |     2 ||     3
  Use: Potion            |     1 |     1 |     2 ||     4
       Scroll            |       |     2 |     8 ||    10
  Eat: Chunk             |     1 |     9 |    14 ||    24
       Ration            |       |     1 |     3 ||     4
Armor: Animal skin       |    13 |    43 |    64 ||   120
       Skin              |     2 |    57 |       ||    59
Dodge: Dodged            |    25 |    74 |   200 ||   299
